 Dungeon Crawl Stone Soup version 0.23-a0-356-g1757c6e (webtiles) character file.

237516 Garbasso the Warrior (level 19, -10/130 HPs)
             Began as a Gargoyle Gladiator on Oct 21, 2018.
             Was the Champion of Okawaru.
             Killed by divine providence
             ... invoked by a deep elf high priest
              (12 damage)
             ... on level 3 of the Elven Halls.
             The game lasted 02:29:30 (41598 turns).

Garbasso the Warrior (Gargoyle Gladiator)          Turns: 41598, Time: 02:29:31

Health: -10/130    AC: 46    Str: 25    XL:     19   Next: 69%
Magic:  0/25       EV: 19    Int: 12    God:    Okawaru [******]
Gold:   869        SH:  0    Dex: 17    Spells: 18/18 levels left

rFire    + . .     SeeInvis .   a - +2 dire flail "Weopet" {crush, rC+ rN+}
rCold    + . .     Gourm    +   (shield currently unavailable)
rNeg     + + .     Faith    .   w - +4 plate armour {MR+}
rPois    ∞         Spirit   +   j - +1 hat "Xeng" {rF+ Dex+6}
rElec    +         Reflect  .   P - scarf {Spirit}
rCorr    .         Harm     .   H - +0 pair of gloves of Past Mistakes {rElec MR+}
MR       +++..                  Q - +0 pair of boots of the Doldrums {Str+2}
Stlth    ..........             u - amulet of the gourmand
HPRegen  0.31/turn              z - +3 ring of protection
MPRegen  0.19/turn              R - +3 ring of evasion

@: confused, about to teleport, heroism, finesse
A: big wings, negative energy resistance 1, electricity resistance, unbreathing,
petrification resistance, rot immunity, AC +14
}: 1/15 runes: decaying
a: Fly, Heroism, Finesse, Renounce Religion


You were on level 3 of the Elven Halls.
You worshipped Okawaru.
Okawaru was exalted by your worship.
You were very full.

You visited 6 branches of the dungeon, and saw 31 of its levels.
You visited 1 bazaar.
You also visited: Ice Cave.

You collected 3356 gold pieces.
You spent 2487 gold pieces at shops.

Inventory:

Hand Weapons
 a - the +2 dire flail "Weopet" (weapon) {crush, rC+ rN+}
   (Okawaru gifted it to you on level 1 of the Lair of Beasts)

   It inflicts extra damage upon your enemies.
   It protects you from cold.
   It protects you from negative energy.
 b - the +7 longbow "Piercer" {penet, EV-2}
   (You found it on level 11 of the Dungeon)

   Ammo fired by it will pass through the targets it hits, potentially hitting
   all targets in its path until it reaches maximum range.
   It affects your evasion (-2).
 U - a +2 great mace
Missiles
 d - 5 throwing nets {=f}
 X - 1366 arrows
Armour
 j - the +1 hat "Xeng" (worn) {rF+ Dex+6}
   (You found it in an ice cave)

   It affects your dexterity (+6).
   It protects you from fire.
 t - a +9 crystal plate armour
 w - a +4 plate armour of magic resistance (worn)
 H - the +0 pair of gloves of Past Mistakes (worn) {rElec MR+}
   (You found it on level 4 of the Lair of Beasts)

   It insulates you from electricity.
   It affects your resistance to hostile enchantments.
 P - a scarf of spirit shield (worn)
 Q - the +0 pair of boots of the Doldrums (worn) {Str+2}
   (You found it on level 5 of the Lair of Beasts)

   It affects your strength (+2).
Jewellery
 u - an amulet of the gourmand (around neck)
 z - a +3 ring of protection (left hand)
 O - an uncursed ring of protection from cold
 R - a +3 ring of evasion (right hand)
 S - an uncursed ring of resist corrosion
Wands
 h - a wand of disintegration (12)
 p - a wand of flame (81)
 q - a wand of paralysis (7)
 v - a wand of digging (24)
 C - a wand of iceblast (36)
 E - a wand of enslavement (12)
 J - a wand of polymorph (11)
Scrolls
 g - 13 scrolls of remove curse
 o - a scroll of silence
 r - 6 scrolls of enchant weapon
 y - 9 scrolls of magic mapping
 B - 3 scrolls of blinking
 D - 2 scrolls of fear
 G - a scroll of fog
 L - 12 scrolls of identify
 M - a scroll of amnesia
 N - 2 scrolls of immolation
 T - 3 scrolls of torment
Potions
 c - 6 potions of lignification
 e - 3 potions of brilliance
 i - 4 potions of ambrosia
 l - a potion of might
 n - 16 potions of curing
 s - 3 potions of agility
 A - a potion of cancellation
 F - 3 potions of mutation
 K - 3 potions of invisibility
 Y - 3 potions of resistance
Miscellaneous
 m - a phantom mirror
 V - a phial of floods
 W - a sack of spiders
Comestibles
 f - 66 rations


   Skills:
 + Level 18.0(23.0) Fighting
 - Level 16.0(21.0) Maces & Flails
 * Level 16.0(21.0) Bows
 - Level 1.7(6.7) Throwing
 + Level 17.8(22.8) Armour
 + Level 7.0(12.0) Dodging
 - Level 9.1 Invocations


You had 18 spell levels left.
You didn't know any spells.
Your spell library contained the following spells:

 Spells                   Type           Power        Failure   Level  Hunger
 Animate Skeleton         Necr           N/A          82%         1    ##.....
 Apportation              Tloc           #.....       82%         1    ##.....
 Confusing Touch          Hex            #.....       82%         1    ##.....
 Corona                   Hex            #......      82%         1    ##.....
 Infusion                 Chrm           #...         82%         1    ##.....
 Magic Dart               Conj           #...         82%         1    ##.....
 Shock                    Conj/Air       #...         82%         1    ##.....
 Summon Butterflies       Summ           #.......     82%         1    ##.....
 Summon Small Mammal      Summ           #...         82%         1    ##.....
 Blink                    Tloc           N/A          91%         2    ###....
 Call Imp                 Summ           #.......     91%         2    ###....
 Ensorcelled Hibernation  Hex/Ice        #.....       91%         2    ###....
 Searing Ray              Conj           #.....       91%         2    ###....
 Shroud of Golubria       Chrm/Tloc      #.........   91%         2    ###....
 Slow                     Hex            #.......     91%         2    ###....
 Song of Slaying          Chrm           #.......     91%         2    ###....
 Call Canine Familiar     Summ           #.......     99%         3    ####...
 Confuse                  Hex            #.......     99%         3    ####...
 Conjure Flame            Conj/Fire      #.......     99%         3    ####...
 Dazzling Spray           Conj/Hex       #.....       99%         3    ####...
 Gell's Gravitas          Tloc           #.........   99%         3    ####...
 Ignite Poison            Fire/Tmut/Pois #.......     99%         3    ####...
 Mephitic Cloud           Conj/Pois/Air  #.......     99%         3    ####...
 Regeneration             Chrm/Necr      #.........   99%         3    ####...
 Spectral Weapon          Hex/Chrm       #.......     99%         3    ####...
 Stone Arrow              Conj/Erth      #.....       99%         3    ####...
 Summon Guardian Golem    Hex/Summ       #.......     99%         3    ####...
 Tukima's Dance           Hex            #.......     99%         3    ####...
 Force Lance              Conj/Tloc      #.......     100%        4    #####..
 Fulminant Prism          Conj/Hex       #.........   100%        4    #####..
 Iskenderun's Mystic Bla  Conj           #.......     100%        4    #####..
 Petrify                  Tmut/Erth      #.......     100%        4    #####..
 Summon Ice Beast         Ice/Summ       #.......     100%        4    #####..
 Summon Lightning Spire   Summ/Air       #.......     100%        4    #####..
 Alistair's Intoxication  Tmut/Pois      #.......     100%        5    ######.
 Bolt of Magma            Conj/Fire/Erth #.........   100%        5    ######.
 Fireball                 Conj/Fire      #.........   100%        5    ######.
 Irradiate                Conj/Tmut      #.........   100%        5    ######.
 Metabolic Englaciation   Hex/Ice        #.........   100%        5    ######.
 Summon Mana Viper        Hex/Summ       #.......     100%        5    ######.
 Yara's Violent Unravell  Hex/Tmut       #.........   100%        5    ######.
 Bolt of Fire             Conj/Fire      #.........   100%        6    #######
 Ring of Flames           Chrm/Fire      #.........   100%        7    #######
 Summon Hydra             Summ           #.........   100%        7    #######
 Ignition                 Fire           #.........   100%        8    #######
 Sublimation of Blood     Necr           Unusable     N/A         2    N/A

Dungeon Overview and Level Annotations

Branches:
Dungeon (15/15)            Temple (1/1) D:6            Lair (6/6) D:9
  Swamp (4/4) Lair:2        Snake (0/4) Lair:2        Slime (0/5) Lair:6
    Orc (2/2) D:9             Elf (3/3) Orc:2        Vaults (0/5) D:14
 Depths (0/5) D:15

Altars:
Ashenzari
Cheibriados
Dithmenos
Elyvilon
Fedhas
Kikubaaqudgha
Nemelex Xobeh
Okawaru
Ru
Sif Muna
Trog
Vehumet
Wu Jian
Xom
Yredelemnul
Zin
The Shining One
Beogh

Shops:
D:7 (=[%   D:8 %   D:10 (:*%   Orc:2 [*([

Portals:
Trove: D:11 (show slimy rune of Zot)

Annotations:
D:10 3 runed doors, Pongin's ghost, journeyman CeHu
Lair:3 exclusion: oklob plant


Innate Abilities, Weirdness & Mutations

You are resistant to torment.
Your stone body is resilient. (AC +14)
You are immune to poison.
Your large and strong wings let you fly indefinitely.
You resist negative energy. (rN+)
You are resistant to electric shocks. (rElec)
You can survive without breathing.
You are immune to petrification.
You are immune to rotting.


Message History

The deep elf high priest begins emitting a brilliant aura!
The deep elf annihilator is empowered by the deep elf high priest's aura!
The deep elf archer is empowered by the deep elf high priest's aura!
The deep elf master archer shoots an arrow.
The arrow hits you but does no damage.
A vortex of raging winds appears around the air elemental!
The deep elf annihilator casts a spell at you.
The poison arrow hits you! You partially resist.
* * * LOW HITPOINT WARNING * * *
You see here an arrow.
The deep elf annihilator points at you and mumbles some strange words.
The crystal spear hits you!
* * * LOW HITPOINT WARNING * * *
The deep elf archer unwields a +0 long sword.
The deep elf archer wields a +0 longbow of flaming.
It bursts into flame!
The deep elf archer shoots an arrow.
The arrow completely misses you.
The deep elf high priest invokes the aid of its god against you.
Something smites you!
You die...

.#...#......#...#.....#...#...#..
.+...########...####'##...#...#..
.#........................#...#..
.#........................#...#..
.#........................#...#..
.########§#################...###
..)(.....§§§§§e...(..............
..........§)e)e(...(.............
.........§§§§Ee(@...((...........
############§###################.
##./(§§..## #. ###...§.§...### #.
#....§§§§.....# #.
##..)§.§§§.....## #.
##...()§§§§...)..## #.
#...(...###.......# #. #......#
##......# #.


You could see a deep elf master archer, a deep elf annihilator, a deep elf
archer, a deep elf high priest and an air elemental.

Vanquished Creatures
  Saint Roka (Orc:2)
  Jorgrun (Swamp:1)
  Rupert (D:14)
  4 deep elf blademasters
  2 deep elf master archers (Elf:1)
  A thorn hunter (Swamp:2)
  Gastronok (D:11)
  4 deep elf sorcerers
  A frost giant (D:15)
  A deep elf elementalist (Elf:3)
  Louise (Swamp:4)
  4 deep elf demonologists
  Azrael (D:12)
  5 deep elf annihilators
  6 dire elephants (Lair:6)
  Snorg (D:12)
  9 deep elf high priests
  Erolcha (D:11)
  A fire dragon (D:14)
  Fannar (D:11)
  A vault guard (D:14)
  28 hydras
  A ghost crab (Swamp:4)
  6 shambling mangroves
  18 alligators
  An anaconda (Lair:6)
  7 centaur warriors
  6 two-headed ogres
  A death knight (D:14)
  23 dancing weapons
  A tengu warrior (D:11)
  3 orc high priests
  Nergalle (Lair:4)
  16 deep elf knights
  Sonja (D:10)
  3 skeletal warriors (D:13)
  7 spriggan druids
  2 wizards
  12 swamp dragons
  3 unseen horrors
  Pikel (D:5)
  A wolf spider zombie (D:14)
  15 deep elf archers
  3 oklob plants (Lair:6)
  2 orc knights
  53 deep elf magi
  9 ugly things
  4 cyclopes
  4 manticores
  8 orc sorcerers
  7 black mambas
  10 elephants (Lair:6)
  20 spiny frogs
  2 ice statues (IceCv)
  2 gargoyles
  6 centaur zombies
  3 orange demons (D:15)
  4 rime drakes
  12 komodo dragons
  A yaktaur (D:15)
  2 freezing wraiths (D:14)
  11 ice devils (IceCv)
  3 tengu conjurers (D:13)
  8 trolls
  A meliai (shapeshifter) (D:11)
  A wolf spider simulacrum (D:13)
  5 polar bears
  11 tyrant leeches
  22 hornets
  8 blink frogs
  8 hippogriffs
  25 slime creatures
  A snapping turtle (shapeshifter) (D:14)
  4 bog bodies
  7 dream sheep (Lair:6)
  A centaur simulacrum (D:13)
  40 yaks
  9 spriggans
  7 water elementals
  3 wraiths
  5 shadows
  A vampire (D:13)
  2 air elementals
  4 hogs (D:7)
  5 wyverns
  A human (D:7)
  11 fire elementals
  2 basilisks
  A hungry ghost (D:7)
  11 swamp worms
  20 vampire mosquitoes
  23 insubstantial wisps
  3 wargs (Orc:2)
  2 acid dragons
  11 water moccasins
  2 soldier ants
  4 hell hounds (D:12)
  47 orc warriors
  9 porcupines
  A meliai simulacrum (D:13)
  13 swamp drakes
  2 ice beasts (D:6)
  6 sky beasts
  An eye of draining (D:11)
  2 black bears
  2 necrophages
  11 ogres
  13 wolves
  25 centaurs
  15 crocodiles
  25 bullfrogs
  6 earth elementals (Elf:1)
  A water moccasin zombie (D:10)
  A hornet simulacrum (D:15)
  12 killer bees
  10 scorpions
  10 wights
  4 electric eels
  7 howler monkeys
  9 crimson imps
  A jelly (D:12)
  A quasit (D:14)
  A wyvern simulacrum (D:14)
  9 hounds
  8 centaur skeletons
  33 orc priests
  2 bullfrog skeletons
  Natasha (thrice) (D:4)
  7 iguanas
  35 orc wizards
  2 hell rats (Lair:1)
  7 worker ants
  2 hound zombies
  4 hound skeletons
  A worker ant zombie (D:4)
  17 adders
  7 gnolls
  14 river rats (Lair:1)
  7 shadow imps
  3 white imps (IceCv)
  9 ufetubi (IceCv)
  An ooze (D:2)
  2 adder skeletons
  2 worms
  8 leopard geckos
  127 orcs
  8 bats
  2 giant cockroaches
  5 goblins
  4 hobgoblins (D:2)
  9 jackals
  12 quokkas
  A ball python skeleton (D:5)
  3 frilled lizards
  9 kobolds
  A leopard gecko skeleton (D:4)
  13 rats
  2 crawling corpses (Elf:1)
  5 plants
1259 creatures vanquished.

Vanquished Creatures (others)
  A reaper (IceCv)
  An unseen horror (D:14)
  A swamp dragon (Swamp:4)
  2 deep elf magi (Elf:2)
  A spriggan (Swamp:2)
  A swamp drake (Swamp:4)
  An orc warrior (Elf:1)
  A slave (D:5)
  3 centaurs
  A crimson imp (D:5)
  2 orc wizards
  Ijyb (D:5)
  A worker ant (D:5)
  2 gnolls (D:5)
  A white imp (IceCv)
  5 ufetubi (IceCv)
  4 orcs (D:5)
  2 giant cockroaches (D:5)
  A quokka (D:5)
  A quokka zombie (D:5)
  3 fungi
  4 plants
40 creatures vanquished.

Grand Total: 1299 creatures vanquished

Notes
Turn   | Place    | Note
-------+----------+-------------------------------------------
     0 | D:1      | Garbasso the Gargoyle Gladiator began the quest for the
                  | Orb.
     0 | D:1      | Reached XP level 1. HP: 12/12 MP: 1/1
   408 | D:1      | Reached XP level 2. HP: 18/18 MP: 2/2
   684 | D:2      | Reached skill level 1 in Armour
   859 | D:2      | Reached XP level 3. HP: 22/22 MP: 3/3
   964 | D:2      | Reached XP level 4. HP: 24/27 MP: 4/4
   975 | D:2      | Reached skill level 3 in Fighting
  1578 | D:2      | Found a deep blue altar of Sif Muna.
  1825 | D:3      | Reached XP level 5. HP: 25/32 MP: 5/5
  2310 | D:3      | Found a white marble altar of Elyvilon.
  2337 | D:3      | Became a worshipper of Elyvilon the Healer
  2356 | D:3      | Reached skill level 5 in Maces & Flails
  2357 | D:3      | Reached XP level 6. HP: 38/38 MP: 6/6
  2676 | D:4      | Reached skill level 4 in Fighting
  3044 | D:4      | Got a glittering iron ring
  3046 | D:4      | Identified the ring of Necsocopp {rElec Stlth-} (You found
                  | it on level 4 of the Dungeon)
  3207 | D:4      | Reached * piety under Elyvilon
  3212 | D:4      | Noticed Natasha
  3218 | D:4      | Killed Natasha
  3714 | D:4      | Noticed Natasha
  3724 | D:4      | Killed Natasha
  3724 | D:4      | Reached XP level 7. HP: 30/43 MP: 7/7
  3801 | D:4      | Noticed Natasha
  3806 | D:4      | Killed Natasha
  3806 | D:4      | Reached skill level 1 in Invocations
  3911 | D:5      | Entered Level 5 of the Dungeon
  4202 | D:5      | Noticed Pikel
  4232 | D:5      | Killed Pikel
  4232 | D:5      | Reached skill level 5 in Fighting
  4232 | D:5      | Reached XP level 8. HP: 35/49 MP: 8/10
  4280 | D:5      | Was placed under penance by Elyvilon
  4657 | D:5      | Found a bloodstained altar of Trog.
  4657 | D:5      | Found a faded altar of an unknown god.
  4662 | D:5      | Found a basalt altar of Yredelemnul.
  4664 | D:5      | Found a sacrificial altar of Ru.
  4665 | D:5      | Found an ancient bone altar of Kikubaaqudgha.
  4726 | D:5      | Found a shadowy altar of Dithmenos.
  4726 | D:5      | Found a shattered altar of Ashenzari.
  4728 | D:5      | Found a shimmering altar of Xom.
  4735 | D:5      | Killed Ijyb
  4740 | D:5      | Reached skill level 5 in Armour
  5038 | D:6      | Was forgiven by Elyvilon
  5113 | D:6      | Found a staircase to the Ecumenical Temple.
  5126 | Temple   | Entered the Ecumenical Temple
  5168 | Temple   | Fell from the grace of Elyvilon
  5168 | Temple   | Became a worshipper of Warmaster Okawaru
  5217 | D:6      | Reached skill level 6 in Fighting
  5224 | D:6      | Reached XP level 9. HP: 42/55 MP: 10/12
  5919 | D:6      | Reached * piety under Okawaru
  6096 | D:7      | Found Ceitsynga's Jewellery Shoppe.
  6114 | D:7      | Noticed a brown ugly thing
  6131 | D:7      | Killed a brown ugly thing
  6131 | D:7      | Reached skill level 5 in Invocations
  6142 | D:7      | Reached skill level 7 in Fighting
  6175 | D:7      | Reached ** piety under Okawaru
  6178 | D:7      | Reached XP level 10. HP: 37/63 MP: 12/14
  6322 | D:7      | Found Waquvakk's Weapon Emporium.
  6451 | D:7      | Got a shimmering shortbow
  6453 | D:7      | Identified the +12 shortbow of True Grit {velocity, rC+ MR+
                  | Str-3 Dex+6} (You found it on level 7 of the Dungeon)
  6659 | D:7      | Found Lal Ung's Antique Armour Emporium.
  6726 | D:7      | Found a sparkling altar of Nemelex Xobeh.
  6729 | D:7      | Found Soduc's Food Shop.
  6825 | D:8      | Reached skill level 10 in Maces & Flails
  6844 | D:8      | Found a radiant altar of Vehumet.
  6894 | D:8      | Found Unlavi's Food Boutique.
  7436 | D:8      | Found a glowing golden altar of the Shining One.
  7533 | D:9      | Reached *** piety under Okawaru
  7628 | D:9      | Found a staircase to the Orcish Mines.
  7859 | D:9      | Reached skill level 8 in Fighting
  8048 | D:9      | Noticed a two-headed ogre
  8062 | D:9      | Killed a two-headed ogre
  8227 | D:9      | Noticed a two-headed ogre
  8236 | D:9      | Killed a two-headed ogre
  8236 | D:9      | Reached **** piety under Okawaru
  8236 | D:9      | Reached XP level 11. HP: 61/69 MP: 13/16
  8419 | D:9      | Found a blossoming altar of Fedhas.
  8513 | D:9      | Noticed a two-headed ogre
  8525 | D:9      | Killed a two-headed ogre
  9116 | D:9      | Found a staircase to the Lair.
  9324 | Lair:1   | Entered Level 1 of the Lair of Beasts
  9382 | D:9      | Reached skill level 9 in Fighting
  9905 | Lair:1   | Reached ***** piety under Okawaru
 10226 | Lair:1   | Noticed a seven-headed hydra
 10234 | Lair:1   | Killed a seven-headed hydra
 10234 | Lair:1   | Received a gift from Okawaru
 10237 | Lair:1   | Got a crude dire flail {god gift}
 10238 | Lair:1   | Identified the +2 dire flail "Weopet" {crush, rC+ rN+}
                  | (Okawaru gifted it to you on level 1 of the Lair of Beasts)
 10619 | Lair:1   | Got a shimmering leather armour
 10630 | Lair:1   | Identified the +2 leather armour "Miruoro Loonn" {Dex+4}
                  | (You found it on level 1 of the Lair of Beasts)
 10909 | Lair:1   | Reached XP level 12. HP: 77/77 MP: 18/18
 11320 | Lair:2   | Found a staircase to the Swamp.
 11380 | Lair:2   | Reached skill level 10 in Fighting
 11461 | Lair:2   | Found a frozen archway.
 11469 | Lair:2   | Received a gift from Okawaru
 11508 | IceCv    | Entered an ice cave
 11684 | IceCv    | Killed a reaper
 12032 | IceCv    | Got a jewelled hat
 12050 | IceCv    | Identified the +1 hat "Xeng" {rF+ Dex+6} (You found it in
                  | an ice cave)
 12530 | IceCv    | Reached skill level 10 in Armour
 13022 | Lair:2   | Found a staircase to the Snake Pit.
 13042 | Lair:2   | Noticed a five-headed hydra
 13057 | Lair:2   | Killed a five-headed hydra
 14331 | Lair:3   | Found a glowing silver altar of Zin.
 14410 | Lair:3   | Reached skill level 11 in Fighting
 14708 | Lair:4   | Reached XP level 13. HP: 84/84 MP: 19/19
 14956 | Lair:4   | Got a pair of encrusted gloves
 14962 | Lair:4   | Identified the +0 pair of gloves of Past Mistakes {rElec
                  | MR+} (You found it on level 4 of the Lair of Beasts)
 15290 | Lair:4   | Found the cursed +14 obsidian axe {chop, +Fly SInv *Curse}
 15367 | Lair:4   | Noticed Nergalle
 15376 | Lair:4   | Killed Nergalle
 16050 | Lair:5   | Received a gift from Okawaru
 16501 | Lair:5   | Got a pair of dazzling boots
 16507 | Lair:5   | Identified the +0 pair of boots of the Doldrums {Str+2}
                  | (You found it on level 5 of the Lair of Beasts)
 16817 | Lair:6   | Entered Level 6 of the Lair of Beasts
 17026 | Lair:6   | Found a snail-covered altar of Cheibriados.
 17060 | Lair:6   | Reached skill level 12 in Fighting
 17060 | Lair:6   | Reached skill level 15 in Maces & Flails
 17105 | Lair:6   | Found a staircase to the Slime Pits.
 17706 | Lair:6   | Gained mutation: Your large and strong wings let you fly
                  | indefinitely. [Gargoyle growth]
 17706 | Lair:6   | Reached XP level 14. HP: 71/92 MP: 14/20
 18138 | Lair:6   | Received a gift from Okawaru
 18647 | Lair:6   | Noticed a dire elephant
 18652 | Lair:6   | Noticed a dire elephant
 18663 | Lair:6   | Killed a dire elephant
 18663 | Lair:6   | Received a gift from Okawaru
 18674 | Lair:6   | Killed a dire elephant
 18831 | Lair:6   | Noticed a dire elephant
 18831 | Lair:6   | Noticed a dire elephant
 18985 | Lair:6   | Killed a dire elephant
 18995 | Lair:6   | Killed a dire elephant
 19185 | Lair:6   | Noticed a dire elephant
 19200 | Lair:6   | Killed a dire elephant
 19200 | Lair:6   | Reached ****** piety under Okawaru
 19304 | Lair:6   | Noticed a dire elephant
 19314 | Lair:6   | Killed a dire elephant
 19498 | Orc:1    | Entered Level 1 of the Orcish Mines
 20212 | Orc:2    | Entered Level 2 of the Orcish Mines
 20221 | Orc:2    | Reached skill level 13 in Fighting
 20283 | Orc:2    | Received a gift from Okawaru
 20387 | Orc:2    | Found a roughly hewn altar of Beogh.
 20505 | Orc:2    | Noticed Saint Roka
 20744 | Orc:2    | Found a roughly hewn altar of Beogh.
 20838 | D:10     | Entered Level 10 of the Dungeon
 20873 | D:10     | Noticed Sonja
 20884 | D:10     | Killed Sonja
 21119 | D:10     | Found Rott's Weapon Shoppe.
 21243 | D:10     | Found Giry's Food Boutique.
 21418 | D:10     | Found Ycicke's Assorted Antiques.
 21437 | D:10     | Found Sidghidun's Book Shoppe.
 21562 | D:10     | Found a runed gate.
 21562 | D:10     | Found a runed gate.
 21562 | D:10     | Found a runed gate.
 21573 | D:10     | Noticed Pongin's ghost (journeyman CeHu)
 21720 | D:11     | Noticed Gastronok
 21747 | D:11     | Found the +7 longbow "Piercer" {penet, EV-2}
 21792 | D:11     | Killed Gastronok
 22301 | D:11     | Noticed Fannar
 22314 | D:11     | Killed Fannar
 22433 | D:11     | Reached skill level 1 in Bows
 22445 | D:11     | Noticed Erolcha
 22452 | D:11     | Killed Erolcha
 22452 | D:11     | Reached skill level 14 in Fighting
 22452 | D:11     | Reached XP level 15. HP: 73/100 MP: 15/21
 22592 | D:11     | Identified the +0 ring mail "Tefig" {rElec Str+2 Dex+6}
                  | (You found it on level 11 of the Dungeon)
 22640 | D:11     | Found a portal to a secret trove of treasure.
 22731 | D:11     | Received a gift from Okawaru
 23203 | D:12     | Noticed Snorg
 23223 | D:12     | Killed Snorg
 23648 | D:12     | Noticed Azrael
 23671 | D:12     | Killed Azrael
 24133 | D:12     | Found the +6 Majin-Bo {vamp, Archmagi MP+6 Int+6}
 24446 | D:13     | Reached skill level 5 in Bows
 24681 | D:13     | Received a gift from Okawaru
 24682 | D:13     | Found the +8 mithril axe "Arga" {speed, MR+}
 25364 | D:14     | Identified the Tome of Supportive Combat Magic
 25401 | D:14     | Noticed Rupert
 25665 | D:14     | Killed Rupert
 25869 | D:14     | Found a roughly hewn altar of Beogh.
 26537 | D:14     | Reached skill level 15 in Fighting
 26549 | D:14     | Reached XP level 16. HP: 108/108 MP: 22/22
 26565 | D:14     | Received a gift from Okawaru
 26733 | D:14     | Found a gate to the Vaults.
 26780 | D:15     | Entered Level 15 of the Dungeon
 26972 | D:15     | Reached skill level 15 in Armour
 27861 | D:15     | Found a staircase to the Depths.
 27980 | D:15     | Received a gift from Okawaru
 28371 | Swamp:1  | Entered Level 1 of the Swamp
 28676 | Swamp:1  | Reached skill level 10 in Bows
 29049 | Swamp:1  | Received a gift from Okawaru
 29056 | Swamp:1  | Got a fine crystal plate armour {god gift}
 29067 | Swamp:1  | Identified the +1 crystal plate armour "Sonolo" {rPois
                  | Str+4} (Okawaru gifted it to you on level 1 of the Swamp)
 29638 | Swamp:1  | Noticed Jorgrun
 29647 | Swamp:1  | Killed Jorgrun
 29759 | Swamp:2  | Noticed a thorn hunter
 29941 | Swamp:2  | Killed a thorn hunter
 30542 | Swamp:2  | Reached XP level 17. HP: 103/115 MP: 20/23
 30629 | Swamp:2  | Reached skill level 16 in Fighting
 30873 | Swamp:2  | Received a gift from Okawaru
 31485 | Swamp:3  | Received a gift from Okawaru
 32763 | Swamp:3  | Found an ornate altar of the Wu Jian Council.
 32849 | Swamp:4  | Entered Level 4 of the Swamp
 33612 | Swamp:4  | Noticed Louise
 33642 | Swamp:4  | Killed Louise
 33651 | Swamp:4  | Received a gift from Okawaru
 34238 | Swamp:4  | Got a decaying rune of Zot
 34575 | Swamp:4  | Reached XP level 18. HP: 108/122 MP: 20/24
 34910 | Orc:2    | Found a staircase to the Elven Halls.
 35007 | Orc:2    | Killed Saint Roka
 35129 | Orc:2    | Found Nilohios's Antique Armour Boutique.
 35130 | Orc:2    | Found a roughly hewn altar of Beogh.
 35132 | Orc:2    | Found Vaakh's Antique Weapon Shop.
 35165 | Orc:2    | Found a roughly hewn altar of Beogh.
 35463 | Orc:2    | Found a roughly hewn altar of Beogh.
 35473 | Orc:2    | Found Mauri's Armour Shop.
 35554 | Orc:2    | Found a roughly hewn altar of Beogh.
 35735 | Orc:2    | Found a roughly hewn altar of Beogh.
 35765 | Orc:2    | Found a roughly hewn altar of Beogh.
 35770 | Orc:2    | Found Bechuuh's General Store.
 35797 | Orc:2    | Bought a potion of mutation for 80 gold pieces
 36004 | Orc:2    | Bought a shiny crystal plate armour for 2407 gold pieces
 36072 | Elf:1    | Entered Level 1 of the Elven Halls
 36107 | Elf:1    | Received a gift from Okawaru
 36134 | Elf:1    | Reached skill level 17 in Fighting
 36265 | Elf:1    | Received a gift from Okawaru
 36443 | Elf:1    | Found a flickering gateway to a bazaar.
 36456 | Bazaar   | Entered a bazaar
 36458 | Bazaar   | Found Vodisyck's Gadget Shop.
 36471 | Bazaar   | Found Hauli's Antique Weapon Boutique.
 36479 | Bazaar   | Found Zootsyif's Gadget Shoppe.
 36487 | Bazaar   | Found Zuaz's Gadget Boutique.
 36492 | Bazaar   | Found Ralul's Assorted Antiques.
 36705 | Elf:1    | Found a huge runed gate.
 36705 | Elf:1    | Found a huge runed gate.
 36706 | Elf:1    | Found a huge runed gate.
 36715 | Elf:1    | Found a huge runed gate.
 36716 | Elf:1    | Found a huge runed gate.
 36717 | Elf:1    | Found a huge runed gate.
 36718 | Elf:1    | Found a huge runed gate.
 36719 | Elf:1    | Found a huge runed gate.
 36719 | Elf:1    | Found a huge runed gate.
 36720 | Elf:1    | Found a huge runed gate.
 36720 | Elf:1    | Found a huge runed gate.
 37117 | Elf:1    | Found a huge runed gate.
 37117 | Elf:1    | Found a huge runed gate.
 37117 | Elf:1    | Found a huge runed gate.
 37118 | Elf:1    | Found a huge runed gate.
 37118 | Elf:1    | Found a huge runed gate.
 37127 | Elf:1    | Found a huge runed gate.
 37128 | Elf:1    | Found a huge runed gate.
 37132 | Elf:1    | Reached skill level 5 in Dodging
 37134 | Elf:1    | Found a huge runed gate.
 37141 | Elf:1    | Found a huge runed gate.
 37142 | Elf:1    | Found a huge runed gate.
 37280 | Elf:1    | Found a huge runed gate.
 37280 | Elf:1    | Found a huge runed gate.
 37280 | Elf:1    | Found a huge runed gate.
 37280 | Elf:1    | Found a huge runed gate.
 37280 | Elf:1    | Found a huge runed gate.
 37285 | Elf:1    | Found a huge runed gate.
 37286 | Elf:1    | Found a huge runed gate.
 37287 | Elf:1    | Found a huge runed gate.
 37291 | Elf:1    | Found a huge runed gate.
 37348 | Elf:1    | Found a huge runed gate.
 37348 | Elf:1    | Found a huge runed gate.
 37348 | Elf:1    | Found a huge runed gate.
 37348 | Elf:1    | Found a huge runed gate.
 37406 | Elf:1    | Noticed a Hell Sentinel
 37835 | Elf:1    | Noticed a Tzitzimitl
 38316 | Elf:1    | Noticed a deep elf master archer
 38316 | Elf:1    | Noticed a deep elf master archer
 38319 | Elf:1    | Noticed a deep elf blademaster
 38340 | Elf:1    | Killed a deep elf master archer
 38349 | Elf:1    | Killed a deep elf blademaster
 38350 | Elf:1    | Killed a deep elf master archer
 38671 | Elf:2    | Received a gift from Okawaru
 38739 | Elf:2    | Found a deep blue altar of Sif Muna.
 38897 | Elf:2    | Received a gift from Okawaru
 38920 | Elf:2    | Reached skill level 15 in Bows
 38998 | Elf:2    | Reached XP level 19. HP: 128/128 MP: 25/25
 39067 | Elf:2    | Found a runed gate.
 39067 | Elf:2    | Found a runed gate.
 39067 | Elf:2    | Found a runed gate.
 39072 | Elf:2    | Received a gift from Okawaru
 39519 | Elf:2    | Received a gift from Okawaru
 39965 | Elf:3    | Entered Level 3 of the Elven Halls
 40348 | Elf:3    | Noticed a Brimstone Fiend
 41369 | Elf:3    | Reached skill level 18 in Fighting
 41598 | Elf:3    | HP: 2/130 [deep elf annihilator/crystal spear (20)]
 41598 | Elf:3    | Killed from afar by a deep elf high priest

Vault maps used:
D:1:      dpeg_arrival_three_smaller_balls, kennysheep_flooded_box,
          minivault_25, hangedman_decor_clover_reticule
D:2:      lemuel_blue_sif_altar, first_ration, corexii_shack
D:3:      nicolae_overflow_crystal_walls, patterned_corridor
D:4:      uniq_natasha
D:5:      grunt_temple_overflow_open, chequers_temple_overflow_minitemple,
          uniq_ijyb, uniq_pikel
D:6:      minmay_temple_entry_glass
D:7:      overflow_temple_1_default, serial_shops, shop_coins, shop,
          nicolae_shop_crystal, nicolae_shop_behind_doors, grunt_livestock
D:8:      vehumet_altar_wand_db, old_standard_altar, serial_shops, shop
D:9:      overflow_temple_1_default, grunt_lair_entry_orc_guard_hut,
          hiddenorc2_lemuel
D:10:     ebering_ghost_rock_garden, serial_shops, kennysheep_mini,
          nicolae_shop_statue_plus, nicolae_shop_crystal, kennysheep_mini_moat,
          hangedman_glass_teeth, chequers_hall_statues_wall_a, uniq_sonja
D:11:     nicolae_trove_entry_diagonal, minmay_holes, minmay_the_grid_2x2,
          uniq_gastronok, uniq_fannar, uniq_erolcha
D:12:     uniq_azrael, uniq_snorg
D:13:     serial_ice, serial_ice_l, serial_ice_d, serial_ice_n, serial_ice_g,
          hangedman_abyss_or_decor_jellyfish_corner, minmay_misc_feat_alley
D:14:     david_vaults_5, minmay_misc_feat_hallway,
          minmay_misc_feat_secret_circle, uniq_rupert
D:15:     grunt_enter_depths_snipers, kennysheep_doodads,
          einodemon_barbed_minivault
Temple:   nicolae_temple_figure_zero
Lair:1:   lemuel_ratsnest, grunt_megastairs_1
Lair:2:   swamp_mist, guppyfry_snake_entry_garden, portal_ice_cave_rime
Lair:3:   basic_altar, st_stairs_5, minmay_hedge_maze,
          nicolae_quartered_pool_medium
Lair:4:   lemuel_fruit_fields, grunt_megastairs_2, uniq_nergalle
Lair:5:   infiniplex_staircase_pool_2, serial_bayou_shore_b, lemuel_fruit_tree,
          grunt_megastairs_4, serial_bayou_shore_a, lemuel_fruit_fields
Lair:6:   due_jungle_book, dpeg_slime_entry_corner, basic_altar,
          minmay_lair_oklob_chamber, infiniplex_staircase_pool,
          grunt_megastairs_3
Swamp:1:  evilmike_swamp_ruin_house_5, swamp_pool1, uniq_jorgrun
Swamp:2:  serial_swamp_ruin, evilmike_swamp_ruin_house_4,
          evilmike_swamp_ruin_house_1, evilmike_swamp_ruin_house_6, swamp_pool2
Swamp:3:  nicolae_swamp_godswood
Swamp:4:  swamp, uniq_louise
Orc:2:    grunt_orc_community_town_hall, grunt_orc_community_big_house_2,
          grunt_orc_community_big_house_2, grunt_orc_community_house_3,
          grunt_orc_community_house_1, grunt_orc_community_house_1,
          grunt_orc_community_house_1, grunt_orc_community_house_1,
          grunt_orc_community_house_1, lemuel_statue_altar
Elf:1:    eino_elf_arrival_customs, serial_shops, bzr_entry_gold, orc_legates,
          door_vault
Elf:2:    basic_altar, spider_trap
Elf:3:    nooodl_elf_gasket
Bazaar:   bazaar_kb_twisted_cavern
IceCv:    ice_cave_small_demon

Skill      XL: |  1  2  3  4  5  6  7  8  9 10 11 12 13 14 15 16 17 18 19 |
---------------+----------------------------------------------------------+-----
Armour         | 1 2 3 4 5 6 8 9 10 12 13 14 15 16 17 | 17.8
Maces & Flails | 4 5 7 9 10 12 13 15 16 | 16.0
Fighting       | 3 4 5 6 7 8 9 11 12 14 15 16 17 18 | 18.0
Invocations    | 3 4 5 7 8 9 |  9.1
Bows           | 1 8 11 13 15 16 | 16.0
Dodging        | 3 5 7 |  7.0
Throwing       | |  1.7

Action                   |  1- 3 |  4- 6 |  7- 9 | 10-12 | 13-15 | 16-18 | 19-21 || total
-------------------------+-------+-------+-------+-------+-------+-------+-------++-------
Melee: Flail             |    91 |   111 |       |       |       |       |       ||   202
       Morningstar       |       |    76 |   228 |   334 |       |       |       ||   638
       Punch             |       |       |       |     4 |       |       |       ||     4
       Dire flail        |       |       |       |   369 |  1299 |  1399 |   305 ||  3372
 Fire: Shortbow          |       |       |       |    63 |   150 |       |       ||   213
       Longbow           |       |       |       |       |   118 |   373 |    87 ||   578
Throw: Stone             |       |    18 |     4 |       |       |       |       ||    22
       Javelin           |       |       |       |    12 |    19 |       |       ||    31
Invok: Divine Protection |       |       |     1 |       |       |       |       ||     1
       Lesser Healing    |       |       |     1 |       |       |       |       ||     1
       Heroism           |       |       |     2 |    19 |    24 |    19 |     5 ||    69
       Finesse           |       |       |       |     4 |     1 |     4 |     3 ||    12
 Abil: Fly               |       |       |       |       |     2 |       |       ||     2
       Stop Flying       |       |       |       |       |     1 |       |     1 ||     2
Evoke: Wand              |       |       |       |       |       |     1 |     1 ||     2
  Use: Scroll            |       |       |     7 |    16 |    11 |    11 |     3 ||    48
       Potion            |       |       |     1 |       |     3 |     3 |     3 ||    10
 Stab: Confused          |       |       |       |       |       |     3 |       ||     3
  Eat: Chunk             |       |     9 |     8 |    37 |    43 |    40 |     6 ||   143
       Ration            |       |       |       |     1 |       |       |       ||     1
Armor: Leather armour    |    49 |    47 |       |       |       |       |       ||    96
       Chain mail        |       |    45 |    98 |       |       |       |       ||   143
       Plate armour      |       |       |    62 |   425 |   837 |   377 |   184 ||  1885
       Ice dragon scales |       |       |       |    13 |       |       |       ||    13
       Crystal plate arm |       |       |       |       |       |  1164 |       ||  1164
Dodge: Dodged            |   114 |   116 |   118 |   268 |   712 |   975 |   126 ||  2429

Table legend:
 A = Non-vault XP
 B = Vault XP
 C = Vault XP percentage of total XP
 D = Non-vault monster count
 E = Vault monster count
 F = Vault count percentage of total count
                 A         B        C        D         E       F
            +---------+---------+-------+---------+---------+-------
      Total |  219622 |  154168 |  41.2 |     855 |     403 |  32.0
            +---------+---------+-------+---------+---------+-------
        D:1 |      16 |       0 |   0.0 |      11 |       0 |   0.0
        D:2 |      83 |       2 |   2.4 |      21 |       1 |   4.5
        D:3 |     246 |       0 |   0.0 |      26 |       0 |   0.0
        D:4 |     277 |      35 |  11.2 |      19 |       1 |   5.0
        D:5 |     639 |     663 |  50.9 |      16 |       1 |   5.9
        D:6 |    1142 |       0 |   0.0 |      22 |       0 |   0.0
        D:7 |    1705 |     993 |  36.8 |      23 |       5 |  17.9
        D:8 |     873 |       1 |   0.1 |      13 |       1 |   7.1
        D:9 |    3316 |    1480 |  30.9 |      17 |      40 |  70.2
       D:10 |    2458 |     802 |  24.6 |      33 |       1 |   2.9
       D:11 |    2659 |    7204 |  73.0 |      25 |      15 |  37.5
       D:12 |    9540 |    3807 |  28.5 |      48 |      10 |  17.2
       D:13 |    9640 |    1263 |  11.6 |      41 |       6 |  12.8
       D:14 |   11219 |   11339 |  50.3 |      42 |      39 |  48.1
       D:15 |    6840 |    5489 |  44.5 |      25 |      12 |  32.4
     Lair:1 |    5848 |    1545 |  20.9 |      23 |      37 |  61.7
     Lair:2 |    3984 |     743 |  15.7 |      14 |       2 |  12.5
     Lair:3 |    3041 |     201 |   6.2 |      15 |       1 |   6.2
     Lair:4 |    4796 |    1209 |  20.1 |      22 |       2 |   8.3
     Lair:5 |    5905 |     784 |  11.7 |      24 |       7 |  22.6
     Lair:6 |   16441 |    6395 |  28.0 |      35 |      12 |  25.5
    Swamp:1 |   21725 |    2877 |  11.7 |      57 |       1 |   1.7
    Swamp:2 |   18169 |       0 |   0.0 |      44 |       0 |   0.0
    Swamp:3 |   22142 |     719 |   3.1 |      52 |       1 |   1.9
    Swamp:4 |   15175 |   17708 |  53.9 |      36 |      24 |  40.0
      Orc:1 |    2471 |       0 |   0.0 |      23 |       0 |   0.0
      Orc:2 |    5106 |   11663 |  69.6 |      46 |      70 |  60.3
      Elf:1 |   22562 |   27459 |  54.9 |      42 |      45 |  51.7
      Elf:2 |   12735 |   21000 |  62.2 |      21 |      27 |  56.2
      Elf:3 |    8869 |   23988 |  73.0 |      19 |      17 |  47.2
      IceCv |       0 |    4799 | 100.0 |       0 |      25 | 100.0
            +---------+---------+-------+---------+---------+-------
